 Dungeon Crawl Stone Soup version 0.31-a0-446-g07c4bd200f (webtiles) character file.

Game seed: 3929211070355416387

303 Ethylacetat the Insei (level 6, -8/33 HPs)
             Began as a Vine Stalker Monk on Aug 3, 2023.
             Mangled by an ogre
             ... wielding a +0 giant club
              (12 damage)
             ... on level 4 of the Dungeon.
             The game lasted 00:02:56 (2450 turns).

Ethylacetat the Insei (Vine Stalker Monk)           Turns: 2450, Time: 00:02:57

Health: -8/33      AC: 10    Str: 14    XL:     6   Next: 38%
Magic:  0/10       EV:  4    Int: 10    God:
Gold:   270        SH:  0    Dex: 18    Spells: 9/9 levels left

rFire   . . .        h - +0 dagger (venom)
rCold   . . .        c - orb {light}
rNeg    . . .        g - +0 plate armour
rPois   .            (no helmet)
rElec   .            (no cloak)
rCorr   .            (no gloves)
SInv    .            (no boots)
Will    .....        (no amulet) Stlth
                     (no ring)
HPRegen 1.05/turn    (no ring)
MPRegen 0.12/turn

%: guardian spirit
@: glowing, studying Ranged Weapons
A: fangs 2, regeneration 1, magic shield, antimagic bite, no potion heal 2
a: no special abilities


You were on level 4 of the Dungeon.
You visited 1 branch of the dungeon, and saw 4 of its levels.

You collected 270 gold pieces.

Inventory:

Hand Weapons
 h - a +0 dagger of venom (weapon)
Armour
 c - an orb of light (worn)
 g - a +0 plate armour (worn)
 k - a +0 buckler
Wands
 l - a wand of mindburst (17)
Scrolls
 d - a scroll of poison {unknown}
 e - a scroll of enchant armour {unknown}
 f - 4 scrolls of torment {unknown}
 i - a scroll of immolation {unknown}
 m - a scroll of noise {unknown}
 n - 2 scrolls of teleportation {unknown}
 o - 2 scrolls of identify {unknown}
Potions
 a - a potion of haste {unknown}
 b - a potion of ambrosia
 j - 2 potions of magic {unknown}
 p - a potion of curing {unknown}
 q - a potion of brilliance {unknown}
 r - a potion of lignification {unknown}


   Skills:
 + Level 4.0 Fighting
 - Level 3.0 Dodging
 * Level 5.1 Unarmed Combat
 + Level 2.1 Spellcasting


You had 9 spell levels left.
You didn't know any spells.
Your spell library contained the following spells:

 Spells                   Type           Power      Damage    Failure   Level
 Ozocubu's Armour         Ice            1%         N/A       100%        3
 Ozocubu's Refrigeration  Ice            0%         4d7       100%        7


Dungeon Overview and Level Annotations

Branches:
Dungeon (4/15)
 Temple: D:4-7

Altars:
Cheibriados
Hepliaklqana
Okawaru
Zin


Innate Abilities, Weirdness & Mutations

You have extremely sharp teeth.
Your natural rate of healing is unusually fast.
When hurt, damage is shared between your health and your magic reserves.
Your bite disrupts and absorbs the magic of your enemies.
Potions cannot restore your health.


Message History

You hit the orc wizard but do no damage.
The orc wizard looks as sick as possible!
The orc wizard is heavily wounded.
The orc wizard hits you but does no damage.
You hit the orc wizard.
The orc wizard looks as sick as possible!
The orc wizard is almost dead.
You kill the orc wizard!
You hit the goblin.
The goblin is poisoned.
You bite the goblin. You drain its power.
You feel invigorated.
The goblin is heavily wounded.
You kill the goblin!
You hit the orc but do no damage.
The orc is poisoned.
The orc hits you but does no damage.
You barely miss the orc.
The orc is moderately wounded.
The orc hits you with a +0 short sword.
You barely miss the orc.
The orc is moderately wounded.
The orc hits you but does no damage.
You hit the orc.
The orc looks even sicker.
The orc is almost dead.
You kill the orc!
You hit the ogre but do no damage. You bite the ogre, but do no damage.
The ogre hits you with a +0 giant club!
You hit the ogre but do no damage.
The ogre is poisoned.
Your bite misses the ogre. You hit the ogre.
The ogre looks as sick as possible!
The ogre is lightly wounded.
The ogre hits you with a +0 giant club!!
Ouch! That really hurt!
* * * LOW HITPOINT WARNING * * *
You are too injured to fight recklessly!
You are too injured to fight recklessly!
Okay, then.
You hit the ogre but do no damage.
The ogre looks as sick as possible!
You bite the ogre, but do no damage.
The ogre is moderately wounded.
The ogre hits you with a +0 giant club!
You die...

##########.##
####.### # #.#
#...>†.# # #.#
#.##.#.# # #+#
#.##.#.# # ...
#.##.#.# ....
#[#..#.# .....
##.#.##.#
......####....##.#
......O@.........#
......####....####
..... ##.#.# ....
....# ... ###.# #+
.# #


You could see an ogre (extremely poisoned).

Vanquished Creatures
  A howler monkey (D:3)
  An iguana (D:4)
  Jessica (D:3)
  An orc wizard (D:4)
  Robin (D:3)
  7 adders
  A worm (D:3)
  3 dart slugs
  7 orcs
  5 bats
  6 endoplasms
  5 giant cockroaches
  16 goblins
  10 hobgoblins
  3 jackals (D:4)
  2 quokkas (D:1)
  11 ball pythons
  3 frilled lizards
  4 kobolds (D:1)
  7 rats
95 creatures vanquished.

Notes
Turn   | Place    | Note
-------+----------+-------------------------------------------
     0 | D:1      | Ethylacetat the Vine Stalker Monk began the quest for the
                  | Orb.
     0 | D:1      | Reached XP level 1. HP: 11/11 MP: 2/2
   128 | D:1      | Reached XP level 2. HP: 16/16 MP: 3/3
   797 | D:2      | Reached XP level 3. HP: 20/20 MP: 4/4
  1106 | D:2      | Gained mutation: Your natural rate of healing is unusually
                  | fast. [Vine Stalker growth]
  1106 | D:2      | Reached XP level 4. HP: 24/24 MP: 5/5
  1147 | D:2      | Found a snail-covered altar of Cheibriados.
  1374 | D:3      | Noticed Jessica
  1377 | D:3      | Killed Jessica
  1409 | D:3      | Reached skill level 4 in Unarmed Combat
  1472 | D:3      | Reached skill level 1 in Spellcasting
  1472 | D:3      | Reached XP level 5. HP: 21/28 MP: 3/7
  1578 | D:3      | Found a hazy altar of Hepliaklqana.
  1809 | D:3      | Noticed Robin
  1851 | D:3      | Killed Robin
  1935 | D:3      | Found a glowing silver altar of Zin.
  1935 | D:3      | Found an iron altar of Okawaru.
  2217 | D:4      | Reached XP level 6. HP: 24/33 MP: 6/9
  2336 | D:4      | Reached skill level 5 in Unarmed Combat
  2450 | D:4      | Mangled by an ogre

Illustrated notes

Levels and vault maps discovered:
D:1:      dpeg_arrival_boxes_within_box, layout_basic, minmay_hexomino_f4
D:2:      layout_basic, basic_altar, serial_bayou_pond_c
D:3:      minmay_razor_zed, layout_basic, nicolae_overflow_two_pavilions,
          amcnicky_altar_gilded, uniq_jessica, uniq_robin
D:4:      layout_loops_corners, kennysheep_orc_sif_temple,
          minmay_temple_entry_purple_smoke, palyth_stone_intersect,
          minmay_manual_monstrance, uniq_grinder, uniq_menkaure

Skill      XL: |  1  2  3  4  5  6 |
---------------+-------------------+-----
Fighting       | 3 4 |  4.0
Dodging        | 3 |  3.0
Unarmed Combat | 4 5 |  5.1
Spellcasting   | 1 2 |  2.1

Action                     |  1- 3 |  4- 6 || total
---------------------------+-------+-------++-------
  Melee: Unarmed           |    91 |       ||    91
         Bite              |    25 |    60 ||    85
         Dagger            |       |   158 ||   158
 Armour: Robe              |    10 |       ||    10
         Plate armour      |    29 |   106 ||   135
  Dodge: Dodged            |    35 |    33 ||    68

Table legend: (Time is in decaauts)
 A = Elapsed time spent in this place.
 B = Non-inter-level travel time spent in this place.
 C = Inter-level travel time spent in this place.
 D = Time resting spent in this place.
 E = Time spent auto-exploring this place.
 F = Levels seen in this place.
 G = Mean time per level.
                   A        B        C        D        E       F      G
               +--------+--------+--------+--------+--------+-----+--------+
         Total |   2447 |   2364 |     83 |      0 |   1874 |   4 |  611.8 |
       Dungeon |   2447 |   2364 |     83 |      0 |   1874 |   4 |  611.8 |
               +--------+--------+--------+--------+--------+-----+--------+

Top non-repeatable levels by time:
     D:3: 833 daAuts
     D:1: 717 daAuts
     D:2: 654 daAuts
     D:4: 241 daAuts
